 Dungeon Sprint DCSS version 0.24.0-123-gd5b16e6ec5 (webtiles) character file.

Game seed: 11575562557425900986, levelgen mode: deterministic

1010 McKennaii the Destroyer (level 8, -7/59 (62) HPs)
             Began as a Grey Draconian Conjurer on Jan 26, 2020.
             Was an Initiate of Vehumet.
             Mangled by a polar bear (15 damage)
             ... in the Dungeon (Sprint II: "The Violet Keep of Menkaure").
             The game lasted 00:04:43 (1063 turns).

McKennaii the Destroyer (Grey Draconian Conjurer)   Turns: 1063, Time: 00:04:44

HP:   -7/59 (62)    AC: 11    Str: 11    XL:     8   Next: 1%
MP:   1/20          EV: 14    Int: 17    God:    Vehumet [......]
Gold: 486           SH:  0    Dex: 12    Spells: 19/24 levels left

rFire    . . .     SeeInvis .   (no weapon)
rCold    . . .     Gourm    .   (no shield)
rNeg     . . .     Faith    .   (armour unavailable)
rPois    .         Spirit   .   (helmet restricted)
rElec    .         Reflect  .   (no cloak)
rCorr    .         Harm     .   (no gloves)
MR       .....     NoTele   +   (no boots)
Stlth    +++.......             (no amulet)
HPRegen  0.19/turn              (no ring)
MPRegen  0.17/turn              (no ring)

@: very slightly contaminated
A: walk through water, unfitting armour, unbreathing, cold-blooded, AC +11
a: Renounce Religion


You were in the Dungeon.
You worshipped Vehumet.
Vehumet was noncommittal.
You were very hungry.

You visited 1 branch You collected 486 gold pieces.

Inventory:

Potions
 c - a potion of curing
 e - a potion of haste
Comestibles
 b - a ration


   Skills:
 + Level 2.7 Fighting
 + Level 4.9 Dodging
 + Level 4.3 Stealth
 * Level 8.8 Spellcasting
 + Level 13.3 Conjurations


You had 19 spell levels left.
You knew the following spells:

 Your Spells              Type           Power        Failure   Level  Hunger
a - Magic Dart            Conj           ####         1%          1    None
c - Iskenderun's Mystic   Conj           ######..     1%          4    ###....

Your spell library contained the following spells:

 Spells                   Type           Power        Failure   Level  Hunger
 Searing Ray              Conj           ######       1%          2    None
 Dazzling Spray           Conj/Hex       ####..       1%          3    #......
 Force Lance              Conj/Tloc      ####....     6%          4    ###....
 Fulminant Prism          Conj/Hex       ####......   6%          4    ###....


Dungeon Overview and Level Annotations

Branches:
Dungeon (1/1)

Altars:
Cheibriados
Dithmenos
Elyvilon
Fedhas
Gozag
Hepliaklqana
Kikubaaqudgha
Makhleb
Nemelex Xobeh
Okawaru
Qazlal
Ru
Sif Muna
Trog
Uskayaw
Vehumet
Wu Jian
Xom
Yredelemnul
Zin
The Shining One
Beogh
Jiyva
Lugonu

Shops:
D ?!:==![[(}*}!:?%

Annotations:
D exclusion: oklob plant


Innate Abilities, Weirdness & Mutations

You can walk through water.
Your dull iron-grey scales are very hard. (AC +11)
You cannot fit into any form of body armour.
You can survive without breathing.
You are cold-blooded and may be slowed by cold attacks.


Message History

Confirm with . or Enter, or press ? or * to list all spells.
Aiming: Iskenderun's Mystic Blast (safe; 1% risk of failure)
Press: ? - help, Shift-Dir - straight line, f/p - polar bear
Aim: a polar bear (almost dead, berserk, fast, unusually strong)
The orb of energy hits the polar bear.
The polar bear is almost dead.
You are feeling very hungry.
The polar bear barely misses you. The polar bear claws you.
* * * LOW HITPOINT WARNING * * *
The polar bear claws you but does no damage.
Casting: Iskenderun's Mystic Blast (safe; 1% risk of failure)
Confirm with . or Enter, or press ? or * to list all spells.
Aiming: Iskenderun's Mystic Blast (safe; 1% risk of failure)
Press: ? - help, Shift-Dir - straight line, f - polar bear, p - polar bear
Aim: a polar bear (severely wounded, berserk, fast, unusually strong)
The orb of energy misses the polar bear.
The polar bear closely misses you. x2
The polar bear claws you but does no damage.
The polar bear bites you!
You die...

..# ...# ..## #..#
c#▓$($(?(?)▓▓ #..# +.^#
.#▓(![!!?!?▓▓ #..# #.^#
.#▓$(?$?!$?▓ '..###
.^##.#▓[($$)$[$
#....###...##▓▓▓▓▓▓▓+
#......≈≈≈≈≈≈≈≈≈≈≈≈≈
≈≈.....≈#'########+###
≈§§≈≈..≈#.._....@#t§≈##
≈≈≈≈≈§.≈#._._..hh#t§§§#
≈≈≈§≈≈§≈#_._._...#§§§§≈#
≈≈≈≈≈≈≈≈#._._._..#§§§§§
≈≈§≈≈≈≈)#_._._._.#§§≈§§§
§≈≈###≈≈#._._._._#§§≈§§
#§ #≈≈#_._._._.#≈§§≈≈≈ +
#§≈#..._._._#≈≈§§▓▓ #
§§≈≈§§##########≈≈§≈▓


You could see 2 polar bears and 2 crocodiles.

Vanquished Creatures
  A hornet (D)
  A polar bear (D)
  Menkaure (D)
  4 necrophages (D)
  A scorpion (D)
  4 worker ants (D)
12 creatures vanquished.

Vanquished Creatures (others)
  A yaktaur (D)
  A crocodile (D)
2 creatures vanquished.

Grand Total: 14 creatures vanquished

Notes
Turn   | Place    | Note
-------+----------+-------------------------------------------
     0 | D        | McKennaii the Draconian Conjurer began the quest for the
                  | Orb.
     0 | D        | Reached XP level 1. HP: 14/14 MP: 3/3
     1 | D        | Noticed a merfolk siren
     5 | D        | Noticed a tyrant leech
     5 | D        | Noticed a tyrant leech
     9 | D        | Noticed a necrophage
     9 | D        | Noticed a necrophage
     9 | D        | Noticed a necrophage
     9 | D        | Noticed a necrophage
    14 | D        | Killed a necrophage
    14 | D        | Reached skill level 8 in Conjurations
    14 | D        | Reached XP level 2. HP: 20/20 MP: 3/6
    14 | D        | Reached XP level 3. HP: 26/26 MP: 4/8
    14 | D        | Reached XP level 4. HP: 33/33 MP: 4/9
    19 | D        | Killed a necrophage
    19 | D        | Reached skill level 9 in Conjurations
    19 | D        | Reached XP level 5. HP: 38/38 MP: 4/12
    26 | D        | Killed a necrophage
    26 | D        | Reached skill level 5 in Spellcasting
    26 | D        | Reached skill level 10 in Conjurations
    45 | D        | Killed a necrophage
    45 | D        | Reached skill level 1 in Fighting
    45 | D        | Reached skill level 11 in Conjurations
    45 | D        | Reached XP level 6. HP: 24/44 MP: 0/15
   191 | D        | Learned a level 4 spell: Iskenderun's Mystic Blast
   195 | D        | Found Nyhyan's Food Emporium.
   197 | D        | Found Qatualyr's Book Shoppe.
   198 | D        | Found Dife Ali's Gadget Emporium.
   199 | D        | Found Zokaol's Gadget Shoppe.
   200 | D        | Found Pigit's Antique Weapon Shoppe.
   200 | D        | Found Love's General Store.
   200 | D        | Found Ebydeto's Antique Armour Emporium.
   201 | D        | Found Ifuda's Antique Armour Shoppe.
   201 | D        | Found Ynarah's Distillery.
   201 | D        | Found Wuthaph's Distillery.
   201 | D        | Noticed a hippogriff
   202 | D        | Found Ifraim's Magic Scroll Shoppe.
   204 | D        | Found Mujenop's Jewellery Shoppe.
   204 | D        | Found Xaidgheul's Jewellery Emporium.
   204 | D        | Noticed Menkaure
   204 | D        | Noticed an oklob plant
   207 | D        | Noticed a hippogriff
   208 | D        | Killed Menkaure
   208 | D        | Reached skill level 12 in Conjurations
   219 | D        | Noticed a hippogriff
   233 | D        | Found Vuuri's Distillery.
   233 | D        | Found Jeing's Magic Scroll Emporium.
   233 | D        | Found Vaemunykk's Book Shoppe.
   246 | D        | Noticed a polar bear
   256 | D        | Noticed a polar bear
   361 | D        | Your scales start taking on a dull iron-grey colour.
   361 | D        | Reached XP level 7. HP: 50/50 MP: 7/17
   361 | D        | Gained mutation: You can survive without breathing. [Grey
                  | Draconian growth]
   722 | D        | Found a stormy altar of Qazlal.
   723 | D        | Found a hazy altar of Hepliaklqana.
   723 | D        | Found an ornate altar of the Wu Jian Council.
   723 | D        | Found a sacrificial altar of Ru.
   724 | D        | Found a roughly hewn altar of Beogh.
   724 | D        | Found a viscous altar of Jiyva.
   724 | D        | Found a shimmering blue altar of Sif Muna.
   725 | D        | Found a snail-covered altar of Cheibriados.
   725 | D        | Found an ancient bone altar of Kikubaaqudgha.
   725 | D        | Found a shimmering altar of Xom.
   725 | D        | Found a bloodstained altar of Trog.
   726 | D        | Found a shadowy altar of Dithmenos.
   726 | D        | Found a corrupted altar of Lugonu.
   726 | D        | Found a glowing golden altar of the Shining One.
   726 | D        | Found a basalt altar of Yredelemnul.
   726 | D        | Found a hide-covered altar of Uskayaw.
   728 | D        | Found a white marble altar of Elyvilon.
   728 | D        | Found a burning altar of Makhleb.
   729 | D        | Found a blossoming altar of Fedhas.
   731 | D        | Found an opulent altar of Gozag.
   731 | D        | Found a sparkling altar of Nemelex Xobeh.
   731 | D        | Noticed a hornet
   731 | D        | Noticed a polar bear
   732 | D        | Found a glowing silver altar of Zin.
   732 | D        | Found a radiant altar of Vehumet.
   732 | D        | Found an iron altar of Okawaru.
   732 | D        | Noticed a yaktaur
   733 | D        | Noticed a polar bear
   734 | D        | Noticed a polar bear
   743 | D        | Killed a hornet
   743 | D        | Reached skill level 13 in Conjurations
   760 | D        | Killed a polar bear
   760 | D        | Reached XP level 8. HP: 8/59 MP: 0/20
   840 | D        | Killed a yaktaur
  1028 | D        | Noticed a flying skull
  1033 | D        | Became a worshipper of Vehumet
  1063 | D        | Mangled by a polar bear

Levels and vault maps discovered:
D:        the_violet_keep_of_menkaure [sprint2_stairs_cluster_1,
          sprint2_shoproom, sprint2_temple, sprint2_basic_supplies,
          sprint2_obstacle_7, sprint2_obstacle_5, sprint2_obstacle_3,
          sprint2_obstacle_2, sprint2_obstacle_6, sprint2_timed_cluster_1,
          sprint2_smallroom_cluster_1, sprint2_smallroom_final_cluster_1,
          sprint2_transparent_cluster_1, sprint2_second_timed_cluster_1,
          sprint2_sniper_area_1, sprint2_heavy_combat_area_1,
          sprint2_mutation_trap_area_1, sprint2_forest_area_1,
          sprint2_light_combat_area_1, sprint2_behind_water_1,
          sprint2_near_end_vault_1]

Skill      XL: |  1  2  3  4  5  6  7 |
---------------+----------------------+-----
Dodging        | 2 3 4 |  4.9
Stealth        | 2 3 4 |  4.3
Spellcasting   | 3 4 6 7 8 |  8.8
Conjurations   | 8 9 11 12 13 | 13.3
Fighting       | 1 2 |  2.7

Action                   |  1- 3 |  4- 6 |  7- 9 || total
-------------------------+-------+-------+-------++-------
Melee: Unarmed           |     4 |    21 |    35 ||    60
       Tailslap          |     1 |     7 |     2 ||    10
 Cast: Magic Dart        |       |    12 |     7 ||    19
       Iskenderun's Myst |       |     1 |    23 ||    24
  Use: Potion            |     1 |     1 |     2 ||     4
       Scroll            |       |       |     1 ||     1
  Eat: Chunk             |       |       |     2 ||     2
Armor: Skin              |     1 |     5 |    31 ||    37
Dodge: Dodged            |     1 |    14 |    58 ||    73
